 Dungeon Crawl Stone Soup version 0.26.0-10-g1f06aea511 (webtiles) character file.

Game seed: 4840407838835764339

155 v0m1x the Cudgeller (level 5, -1/69 HPs)
             Began as a Minotaur Berserker on Jan 23, 2021.
             Was a Believer of Trog.
             Slain by a gnoll
             ... wielding a +0 spear
              (2 damage)
             ... on level 3 of the Dungeon.
             The game lasted 00:05:03 (2532 turns).

v0m1x the Cudgeller (Minotaur Berserker)            Turns: 2532, Time: 00:05:04

Health: -1/69      AC:  5    Str: 21    XL:     5   Next: 14%
Magic:  4/4        EV: 11    Int:  4    God:    Trog [**....]
Gold:   142        SH:  0    Dex: 11    Spells: 4/4 levels left

rFire    . . .     SeeInvis .   a - +0 mace
rCold    + . .     Faith    .   (no shield)
rNeg     . . .     Spirit   .   r - +0 ring mail
rPois    .         Reflect  .   (helmet restricted)
rElec    .         Harm     .   (no cloak)
rCorr    .         Rampage  .   (no gloves)
Will     .....                  (no boots)
Stlth    ..........             (no amulet)
HPRegen  0.21/turn              b - ring of protection from cold
MPRegen  0.09/turn              (no ring)

@: berserking, very quick
A: retaliatory headbutt, horns 2
a: Renounce Religion, Berserk, Trog's Hand


You were on level 3 of the Dungeon.
You worshipped Trog.
Trog was pleased with you.
You visited 1 branch of the dungeon, and saw 3 of its levels.

You collected 142 gold pieces.

Inventory:

Hand Weapons
 a - a +0 mace (weapon)
Missiles
 p - 2 stones
Armour
 r - a +0 ring mail (worn)
Jewellery
 b - a ring of protection from cold (left hand)
 q - an uncursed ring of stealth {unknown}
Scrolls
 d - 4 scrolls of identify {unknown}
 f - 2 scrolls of magic mapping {unknown}
 g - a scroll of enchant armour {unknown}
 i - a scroll of blinking {unknown}
 l - 3 scrolls of immolation {unknown}
 o - 2 scrolls of amnesia {unknown}
Potions
 c - a potion of curing {unknown}
 e - 2 potions of resistance {unknown}
 h - a potion of magic {unknown}
 j - 2 potions of heal wounds {unknown}
 k - a potion of flight {unknown}
 m - a potion of brilliance {unknown}
 n - a potion of invisibility {unknown}


   Skills:
 - Level 4.0 Fighting
 + Level 6.8 Maces & Flails
 - Level 2.5 Armour
 - Level 2.2 Dodging


You had 4 spell levels left.
You didn't know any spells.
Your spell library was empty.

Dungeon Overview and Level Annotations

Branches:
Dungeon (3/15)

Altars:
Elyvilon
Uskayaw
Wu Jian


Innate Abilities, Weirdness & Mutations

You reflexively headbutt those who attack you in melee.
You have a pair of horns on your head.


Message History

The gnoll is almost dead.
The gnoll misses you. You furiously retaliate!
You headbutt the gnoll!
You kill the gnoll!
Trog accepts your kill. The gnoll hits you but does no damage.
The gnoll barely misses you.
You have reached level 5!
A red film seems to cover your vision as you go berserk!
You feel yourself moving faster!
You feel mighty!
The gnoll hits you from afar with a +0 spear.
* * * LOW HITPOINT WARNING * * *
You closely miss the gnoll.
You headbutt the gnoll, but do no damage.
The gnoll hits you with a +0 flail.
* * * LOW HITPOINT WARNING * * *
You sock the gnoll! You headbutt the gnoll.
You kill the gnoll!
Trog accepts your kill. The gnoll closely misses you.
The gnoll hits you with a +0 spear.
You die...

#.# #.### ##.##
#.... ##...## ###
#####
#####....(## #..
... #).........#
#.# ##.
#.###.....##
#.######. ##.)(##
#......#.
##(#########g.###
#.
#)@g.((((((....#
##
###########g.#.#
# #...g..
#.####... #.. ..
### .


You could see a gnoll.

Vanquished Creatures
  A jelly (D:3)
  2 adders
  3 gnolls (D:3)
  A shadow imp (D:2)
  An ooze (D:2)
  A worm (D:3)
  A dart slug (D:1)
  A leopard gecko (D:2)
  An orc (D:3)
  A giant cockroach (D:1)
  7 goblins
  8 hobgoblins
  9 jackals
  7 kobolds
  3 quokkas (D:2)
  2 bats
  5 frilled lizards
  5 rats
59 creatures vanquished.

Notes
Turn   | Place    | Note
-------+----------+-------------------------------------------
     0 | D:1      | v0m1x the Minotaur Berserker began the quest for the Orb.
     0 | D:1      | Reached XP level 1. HP: 19/19 MP: 0/0
    92 | D:1      | Reached skill level 4 in Maces & Flails
    97 | D:1      | Reached XP level 2. HP: 20/27 MP: 1/1
   710 | D:1      | Reached XP level 3. HP: 33/33 MP: 2/2
   962 | D:1      | Found a white marble altar of Elyvilon.
  1019 | D:2      | Noticed a +0 dagger
  1019 | D:2      | Noticed a +0 hand axe
  1022 | D:2      | Reached ** piety under Trog
  1023 | D:2      | Found a hide-covered altar of Uskayaw.
  1030 | D:2      | Reached skill level 5 in Maces & Flails
  1340 | D:2      | Reached XP level 4. HP: 37/40 MP: 3/3
  1686 | D:3      | Reached skill level 6 in Maces & Flails
  2320 | D:3      | Found an ornate altar of the Wu Jian Council.
  2529 | D:3      | Reached XP level 5. HP: 7/46 MP: 4/4
  2530 | D:3      | HP: 1/69 [gnoll/+0 flail (4)]
  2532 | D:3      | Slain by a gnoll

Illustrated notes

Levels and vault maps discovered:
D:1:      tarquinn_simple_flora_water_a, layout_basic, kennysheep_flooded_box
D:2:      layout_rooms, dancing_weapons_uskayaw
D:3:      layout_loops_ring, lemuel_coloured_pillars_altar,
          nzn_wu_jian_contemplation, minmay_stone_trees_small

Skill      XL: |  1  2  3  4 |
---------------+-------------+-----
Maces & Flails | 4 5 6 |  6.8
Fighting       | 4 |  4.0
Armour         | |  2.5
Dodging        | |  2.2

Action                   |  1- 3 |  4- 6 || total
-------------------------+-------+-------++-------
Melee: Mace              |    76 |    33 ||   109
       Headbutt          |    13 |     6 ||    19
Invok: Berserk           |       |     1 ||     1
Armor: Animal skin       |     7 |       ||     7
       Ring mail         |       |     6 ||     6
       Leather armour    |       |     3 ||     3
Dodge: Dodged            |    48 |    34 ||    82
